 Dungeon Crawl Stone Soup version 0.28-a0-1235-g7c8fac35f0 (webtiles) character file.

Game seed: 5437846880145364571

285 enile the Charlatan (level 6, -2/43 HPs)
             Began as an Octopode Wanderer on Dec 24, 2021.
             Was a Plaything of Xom.
             Slain by an orc wizard (5 damage)
             ... on level 3 of the Dungeon.
             The game lasted 00:12:44 (4179 turns).

enile the Charlatan (Octopode Wanderer)             Turns: 4179, Time: 00:12:44

Health: -2/43      AC:  1    Str: 13    XL:     6   Next: 29%
Magic:  10/10      EV: 13    Int: 13    God:    Xom [..*...]
Gold:   140        SH:  0    Dex: 13    Spells: 9/11 levels left

rFire   . . .      SeeInvis .   m - +0 short sword
rCold   . . .      Faith    .   (no shield)
rNeg    . . .      Spirit   .   b - +0 hat
rPois   .          Reflect  .   (no amulet)
rElec   .          Harm     .   (no ring)
rCorr   .          Rampage  .   (no ring)
Will    .....                   (no ring)
Stlth   +++.......              (no ring)
HPRegen 0.14/turn               (no ring)
MPRegen 0.12/turn               (no ring)
                                (no ring)
                                (no ring)

@: brilliant, lethally poisoned (-2 -> -15), about to teleport, attractive,
hasted, invisible, very quick
A: almost no armour, amphibious, 8 rings, camouflage 1, gelatinous body 1,
(nimble swimmer 1), tentacles
a: Renounce Religion


You were on level 3 of the Dungeon.
You worshipped Xom.
You were a toy of Xom.
You visited 1 branch of the dungeon, and saw 3 of its levels.

You collected 140 gold pieces.

Inventory:

Hand Weapons
 a - a +0 club
 g - a +0 dagger
 i - a +0 hunting sling
 m - a +0 short sword (weapon)
 o - a +0 spear
Missiles
 e - 34 stones (quivered)
 j - 24 sling bullets
Armour
 b - a +0 hat (worn)
Magical Staves
 l - a staff of air
Wands
 c - a wand of mindburst (4)
Scrolls
 d - 2 scrolls of identify
 h - 5 scrolls of teleportation


   Skills:
 - Level 4.0 Fighting
 - Level 2.0 Short Blades
 - Level 3.0 Dodging
 + Level 2.4 Stealth
 - Level 3.0 Spellcasting
 - Level 2.0 Conjurations
 - Level 5.5 Evocations


You had 9 spell levels left.
You knew the following spells:

 Your Spells              Type           Power      Damage    Failure   Level
a - Searing Ray           Conj           20%        2d5       16%         2

Your spell library contained the following spells:

 Spells                   Type           Power      Damage    Failure   Level
 Animate Skeleton         Necr           4%         N/A       22%         1
 Pain                     Necr           8%         1d4       22%         1
 Static Discharge         Conj/Air       6%         N/A       22%         2
 Corpse Rot               Necr/Air       4%         N/A       34%         2
 Poisonous Vapours        Pois/Air       4%         N/A       34%         2
 Vampiric Draining        Necr           2%         2d6       56%         3


Dungeon Overview and Level Annotations

Branches:
Dungeon (3/15)

Altars:
Xom

Shops:
D:3 *


Innate Abilities, Weirdness & Mutations

You cannot wear most types of armour.
You are amphibious.
You can wear up to eight rings at the same time.
Your skin changes colour to match your surroundings (Stealth+).
Your rubbery body absorbs attacks. (AC +1, EV +1)
((You are camouflaged when in or above water. (Stealth+)))
You have tentacles for arms and can constrict up to eight enemies at once.


Message History

You constrict the orc, but do no damage.
The orc barely misses you.
You catch the helpless orc completely off-guard!
You hit the orc.
The orc is heavily wounded.
You constrict the orc. The orc closely misses you.
A puff of flame appears from out of thin air!
The puff of flame hits the orc!
The orc dies!
Items here: ))) [[[ †.
You hit something. You squeeze something. Something hits you.
You are poisoned.
You completely miss something.
You feel very sick.
You barely miss something.
You feel sick. Something hits you.
You are more poisoned.
Okay, then.
It was a potion of haste.
You feel yourself speed up.
You feel very sick. Something hits you.
You are lethally poisoned!
Okay, then.
You feel very sick.
* * * LOW HITPOINT WARNING * * *
You feel very sick.
It was a potion of attraction.
You feel attractive to monsters.
Xom roars with laughter!
* * * LOW HITPOINT WARNING * * *
You feel very sick.
It was a potion of magic.
Magic courses through your body.
* * * LOW HITPOINT WARNING * * *
You feel sick.
Okay, then.
As you read the scroll of teleportation, it crumbles to dust.
You feel strangely unstable.
* * * LOW HITPOINT WARNING * * *
You feel sick. Something hits you.
You die... "Boring in life, boring in death..."

..........).. #.#
>........#### #.#
..)......###### #.#
..............# #.#
..............# #.#
.........###### #..
.........(.####
##########....#######.###
####...@{).)...#
#############


There were no monsters in sight!

Vanquished Creatures
  A phantom (D:2)
  Jessica (D:3)
  2 orc wizards (D:3)
  3 gnolls (D:3)
  2 adders (D:2)
  3 worms (D:2)
  An orc (D:3)
  6 ball pythons
  7 bats
  9 endoplasms
  6 giant cockroaches
  8 goblins
  4 hobgoblins (D:1)
  4 jackals (D:2)
  2 quokkas
  5 frilled lizards
  5 kobolds
  6 rats
75 creatures vanquished.

Vanquished Creatures (others)
  An orc (D:3)
1 creature vanquished.

Grand Total: 76 creatures vanquished

Notes
Turn   | Place    | Note
-------+----------+-------------------------------------------
     0 | D:1      | enile the Octopode Wanderer began the quest for the Orb.
     0 | D:1      | enile set off with the following items: a +0 club, a +0
                  | hat, a wand of mindburst (10); and the following spells
                  | available to memorise: Searing Ray, Static Discharge
     0 | D:1      | Reached XP level 1. HP: 11/11 MP: 4/4
     3 | D:1      | Noticed an electric eel
     4 | D:1      | Noticed an electric eel
   128 | D:1      | Reached skill level 1 in Fighting
   437 | D:2      | Reached XP level 2. HP: 8/18 MP: 6/6
   806 | D:2      | Reached XP level 3. HP: 20/24 MP: 7/7
   924 | D:2      | Learned a level 2 spell: Searing Ray
   967 | D:2      | Noticed a phantom
  1093 | D:3      | Noticed Jessica
  1097 | D:3      | Killed Jessica
  1098 | D:3      | Reached XP level 4. HP: 31/31 MP: 8/8
  1356 | D:3      | Found Xivvuusk's Assorted Antiques.
  1574 | D:2      | Killed a phantom
  1575 | D:2      | Reached skill level 1 in Short Blades
  1575 | D:2      | Reached XP level 5. HP: 31/36 MP: 9/9
  3601 | D:3      | Found a faded altar of an unknown god.
  4018 | D:3      | Prayed at the altar of an unknown god.
  4018 | D:3      | Became a worshipper of Xom of Chaos
  4056 | D:3      | XOM: potion effect (berserk rage)
  4065 | D:3      | Reached XP level 6. HP: 43/43 MP: 10/10
  4155 | D:3      | XOM: potion effect (brilliance)
  4156 | D:3      | XOM: potion effect (invisibility)
  4179 | D:3      | Slain by an orc wizard

Illustrated notes

Levels and vault maps discovered:
D:1:      arrival_aquarium_b, layout_basic
D:2:      layout_basic, dk_noncrumbling_3, st_stairs_3
D:3:      layout_rooms, serial_shops, shop,
          dreamdust_ecumenical_altar_hidden_monk_grotto, uniq_jessica

Skill      XL: |  1  2  3  4  5  6 |
---------------+-------------------+-----
Fighting       | 1 2 3 4 |  4.0
Stealth        | 2 |  2.4
Short Blades   | 2 |  2.0
Conjurations   | 2 |  2.0
Dodging        | 3 |  3.0
Spellcasting   | |  3.0
Evocations     | |  5.5

Action                   |  1- 3 |  4- 6 || total
-------------------------+-------+-------++-------
Melee: Club              |    32 |       ||    32
       Tentacles         |     7 |    17 ||    24
       Constrict         |     6 |    21 ||    27
       Dagger            |     3 |    36 ||    39
       Short sword       |       |    61 ||    61
Throw: Stone             |     2 |     5 ||     7
 Cast: Searing Ray       |     1 |    31 ||    32
Evoke: Wand              |     3 |     3 ||     6
  Use: Scroll            |     1 |     2 ||     3
       Potion            |       |     3 ||     3
 Stab: Sleeping          |     9 |     5 ||    14
       Invisible         |       |     1 ||     1
Armor: Skin              |     3 |     4 ||     7
Dodge: Dodged            |    30 |    65 ||    95

Table legend: (Time is in decaauts)
 A = Elapsed time spent in this place.
 B = Non-inter-level travel time spent in this place.
 C = Inter-level travel time spent in this place.
 D = Time resting spent in this place.
 E = Time spent auto-exploring this place.
 F = Levels seen in this place.
 G = Mean time per level.
                   A        B        C        D        E       F      G
               +--------+--------+--------+--------+--------+-----+--------+
         Total |   4199 |   4038 |    161 |     56 |   3260 |   3 | 1399.7 |
       Dungeon |   4199 |   4038 |    161 |     56 |   3260 |   3 | 1399.7 |
               +--------+--------+--------+--------+--------+-----+--------+

Top non-repeatable levels by time:
     D:2: 1595 daAuts
     D:1: 1390 daAuts
     D:3: 1214 daAuts
